 Dungeon Crawl Stone Soup version 0.29.0-10-g45618ea6d2 (webtiles) character file.

Game seed: 8409916631653701939

85 Arum the Ducker (level 4, -1/35 HPs)
             Began as a Demonspawn Gladiator on Sept 1, 2022.
             Was a Follower of Qazlal.
             Killed from afar by Sigmund (5 damage)
             ... with a magic dart
             ... on level 2 of the Dungeon.
             The game lasted 00:02:09 (1619 turns).

Arum the Ducker (Demonspawn Gladiator)              Turns: 1619, Time: 00:02:10

Health: -1/35      AC:  6    Str: 15 (17) XL:     4   Next: 25%
Magic:  4/4        EV: 12    Int:  7 (9)  God:    Qazlal [*.....]
Gold:   32         SH:  2    Dex: 11 (14) Spells: 3/3 levels left

rFire   . . .      SeeInvis .     - Unarmed
rCold   . . .      Faith    .   (no shield)
rNeg    . . .      Spirit   .   a - +0 leather armour
rPois   .          Reflect  .   b - +1 helmet
rElec   .          Harm     .   g - +0 cloak
rCorr   .          Rampage  .   (no gloves)
Will    .....                   (no boots)
Stlth   +.........              (no amulet)
HPRegen 0.11/turn               (no ring)
MPRegen 0.09/turn               (no ring)

@: lethally poisoned (-1 -> -4), flying
A: weakness stinger 2
a: Renounce Religion


You were on level 2 of the Dungeon.
You worshipped Qazlal.
Qazlal was aware of your devotion.
You visited 1 branch of the dungeon, and saw 2 of its levels.

You collected 62 gold pieces.
You spent 30 gold pieces at shops.

Inventory:

Missiles
 c - 3 throwing nets (quivered)
 d - a javelin
Armour
 a - a +0 leather armour (worn)
 b - a +1 helmet (worn)
 g - a +0 cloak (worn)
Potions
 i - a potion of flight


   Skills:
 + Level 3.0 Fighting
 - Level 1.7 Throwing
 + Level 3.4 Dodging
 + Level 3.4 Unarmed Combat


You had 3 spell levels left.
You didn't know any spells.
Your spell library contained the following spells:

 Spells                   Type           Power      Damage    Failure   Level
 Necrotise                Necr           0%         1d4       50%         1
 Vampiric Draining        Necr           0%         2d6       86%         3
 Agony                    Necr           0%         N/A       100%        5


Dungeon Overview and Level Annotations

Branches:
Dungeon (2/15)

Altars:
Qazlal

Shops:
D:1 (   D:2 *!(

Annotations:
D:2 Sigmund


Innate Abilities, Weirdness & Mutations

You have a tail ending in a sharp stinger.


Message History

You are poisoned.
You hit Sigmund but do no damage.
Sigmund is moderately wounded.
You feel very sick. Sigmund closely misses you.
You barely miss Sigmund.
Sigmund is moderately wounded.
You feel very sick.
It was a potion of flight.
You feel very buoyant.
You fly up into the air.
* * * LOW HITPOINT WARNING * * *
You feel very sick. Sigmund misses you.
Unknown command.
It was a potion of degeneration.
There was something very wrong with that liquid.
You feel weakened.
You feel dopey.
You feel clumsy.
* * * LOW HITPOINT WARNING * * *
You feel sick. Sigmund misses you.
Unknown command.
Okay, then.
You hit Sigmund but do no damage.
Your tail-slap misses Sigmund.
Sigmund is moderately wounded.
You feel sick.
You hit Sigmund.
Sigmund is moderately wounded.
You feel sick.
Sigmund screams, "Don't try to resist!"
Sigmund gestures at you while chanting. The magic dart hits you.
* * * LOW HITPOINT WARNING * * *
You hit Sigmund.
Sigmund is moderately wounded.
* * * LOW HITPOINT WARNING * * *
You feel sick. Sigmund says, "I'm your fate." Sigmund casts a spell at you.
The magic dart hits you.
You die...

#### # #..# ###
######..##########..#
...............@@<..#
#.###.####...##.###.#
..#.#..#...####.# #
.#.⌠.#.#.### #.#
..#.#..#.### #.# .
..###......####....
##.....##♣...S...#
.....#.♣.∩.♣....#..
..##.....♣.@.......


You could see Sigmund.

Vanquished Creatures
  Jessica (D:2)
  2 adders
  A worm (D:2)
  3 dart slugs
  2 bats
  4 endoplasms
  2 giant cockroaches (D:1)
  4 hobgoblins
  2 jackals (D:2)
  3 kobolds
  3 ball pythons
  2 frilled lizards (D:1)
  A rat (D:1)
30 creatures vanquished.

Notes
Turn   | Place    | Note
-------+----------+-------------------------------------------
     0 | D:1      | Arum the Demonspawn Gladiator began the quest for the Orb.
     0 | D:1      | Reached XP level 1. HP: 16/16 MP: 1/1
   253 | D:1      | Found Falirina's Weapon Boutique.
   258 | D:1      | Gained mutation: You have a small tail. [demonic ancestry]
   258 | D:1      | Reached XP level 2. HP: 22/22 MP: 2/2
   582 | D:1      | Found a faded altar of an unknown god.
   590 | D:1      | Prayed at the altar of an unknown god.
   590 | D:1      | Became a worshipper of Qazlal Stormbringer
   590 | D:1      | Reached * piety under Qazlal
  1062 | D:2      | Gained mutation: You have a tail ending in a sharp stinger.
                  | [demonic ancestry]
  1062 | D:2      | Reached XP level 3. HP: 17/28 MP: 3/3
  1289 | D:2      | Noticed Jessica
  1298 | D:2      | Killed Jessica
  1302 | D:2      | Reached XP level 4. HP: 26/34 MP: 4/4
  1469 | D:2      | Found Liefec's Assorted Antiques.
  1499 | D:2      | Bought a scroll labelled SEMIMO FUARIAL for 30 gold pieces
  1527 | D:2      | Noticed Sigmund
  1528 | D:2      | Found Tiboceti's Antique Weapon Shop.
  1529 | D:2      | Found Ceovohuh's Distillery.
  1619 | D:2      | Killed from afar by Sigmund

Illustrated notes

Levels and vault maps discovered:
D:1:      lemuel_arrival_room, layout_basic, shapermc_ecumenical_altar_venn,
          serial_shops, nicolae_shop_bloodbath_and_beyond, hex_tiny,
          grunt_decor_cap
D:2:      layout_rooms, serial_shops, nicolae_shop_hallway_plus,
          nicolae_shop_window_shopping, shop, nicolae_shop_trees,
          nicolae_lakefront_shop, chequers_serial_rivers_room_b,
          grunt_decor_one_mirror, uniq_jessica, uniq_sigmund

Skill      XL: |  1  2  3  4 |
---------------+-------------+-----
Unarmed Combat | 3 |  3.4
Dodging        | 3 |  3.4
Fighting       | 3 |  3.0
Throwing       | |  1.7

Action                   |  1- 3 |  4- 6 || total
-------------------------+-------+-------++-------
Melee: Unarmed           |    90 |    43 ||   133
       Punch             |     2 |       ||     2
       Tailslap          |     9 |     9 ||    18
  Use: Scroll            |       |     5 ||     5
       Potion            |       |     2 ||     2
Armor: Leather armour    |    25 |     9 ||    34
Dodge: Dodged            |    54 |    36 ||    90
Block: Other             |     3 |     2 ||     5
